 Dungeon Crawl Stone Soup version 0.31-a0-692-gf03d1854d5 (webtiles) character file.

Game seed: 12590974467328626126

65 Ijustatesigmund the Grasshopper (level 3, -4/18 HPs)
             Began as a Spriggan Warper on Sept 7, 2023.
             Slain by a gnoll
             ... wielding a +0 flail
              (14 damage)
             ... on level 3 of the Dungeon.
             The game lasted 00:02:31 (1118 turns).

Ijustatesigmund the Grasshopper (Spriggan Warper)   Turns: 1118, Time: 00:02:32

Health: -4/18      AC:  2    Str:  9    XL:     3   Next: 94%
Magic:  8/8        EV: 17    Int: 14    God:
Gold:   41         SH:  0    Dex: 14    Spells: 5/7 levels left

rFire   . . .        i - +4 sling
rCold   . . .        (no shield)
rNeg    . . .        b - +0 robe
rPois   .            (helmet restricted)
rElec   .            (no cloak)
rCorr   .            (gloves unavailable)
SInv    +            (boots unavailable)
Will    .....        h - amulet of the acrobat
Stlth   +++          (no ring)
HPRegen 0.23/turn    (no ring)
MPRegen 0.11/turn

%: acrobat
@: very quick
A: very small, no large weapons, unfitting armour, see invisible, speed 3
a: no special abilities


You were on level 3 of the Dungeon.
You visited 1 branch of the dungeon, and saw 3 of its levels.

You collected 41 gold pieces.

Inventory:

Hand Weapons
 a - a +1 short sword
 i - a +4 sling (weapon)
Missiles
 d - 7 darts of dispersal
Armour
 b - a +0 robe (worn)
Jewellery
 h - an amulet of the acrobat (around neck)
Scrolls
 c - a scroll of blinking
 g - a scroll of teleportation
Potions
 e - 2 potions of berserk rage {unknown}
 j - 4 potions of curing {unknown}
 l - a potion of enlightenment {unknown}


   Skills:
 - Level 1.5 Fighting
 + Level 3.6 Short Blades
 - Level 1.0 Throwing
 - Level 3.2 Dodging
 + Level 4.0 Stealth
 - Level 2.6 Spellcasting
 - Level 4.4 Translocations


You had 5 spell levels left.
You knew the following spells:

 Your Spells              Type           Power      Damage    Failure   Level
a - Blink                 Tloc           28%        N/A       5%          2

Your spell library contained the following spells:

 Spells                   Type           Power      Damage    Failure   Level
 Lesser Beckoning         Tloc           28%        N/A       5%          2
 Teleport Other           Tloc           14%        N/A       11%         3
 Volatile Blastmotes      Fire/Tloc      16%        2d11      26%         3
 Manifold Assault         Tloc           14%        N/A       36%         4
 Iskenderun's Mystic Bla  Conj/Tloc      8%         2d4       65%         4
 Vhi's Electric Charge    Tloc/Air       16%        N/A       65%         4
 Fulminant Prism          Conj/Hex       0%         3d5       91%         4


Dungeon Overview and Level Annotations

Branches:
Dungeon (3/15)

Altars:


Innate Abilities, Weirdness & Mutations

You are very small and have problems with some larger weapons.
You are too small for most types of armour.
You have supernaturally acute eyesight. (SInv)
You cover ground extremely quickly. (Speed+++)


Message History

No target in view!
No target in view!
No target in view!
You start resting.
HP restored.
You see here an adder corpse.
There is a stone staircase leading down here.
A gnoll comes into view. It is wielding a +0 club.
You shoot a sling bullet.
The sling bullet barely misses the gnoll.
You shoot a sling bullet.
The sling bullet barely misses the gnoll.
The gnoll shouts!
You shoot a sling bullet. The gnoll shouts!
The sling bullet hits the gnoll.
The gnoll is heavily wounded.
You hear an angry hiss.
A rat comes into view.
A kobold comes into view. It is wielding a +0 short sword.
A frilled lizard comes into view.
There is a stone staircase leading down here.
You shoot a sling bullet. The sling bullet hits the gnoll.
The gnoll is almost dead.
You shoot a sling bullet. The sling bullet hits the gnoll.
You kill the gnoll!
Your Stealth skill increases to level 4!
You shoot a sling bullet. The sling bullet hits the gnoll!
The gnoll is heavily wounded.
You shoot a sling bullet. The sling bullet hits the gnoll.
The gnoll is severely wounded.
The gnoll hits you with a +0 flail!
You climb downwards.
Found a robe.
There is a stone staircase leading up here.
You shoot a sling bullet.
The sling bullet barely misses the gnoll.
The gnoll hits you with a +0 flail!
Ouch! That really hurt!
You die...

#. #.
#.## ...
..# #.#
#.# #@#
#....g..#
######..#
#..# #..#
#..# #[..
....


You could see a gnoll.

Vanquished Creatures
  A gnoll (D:2)
  2 adders (D:2)
  4 ball pythons
  A bat (D:2)
  5 endoplasms
  A giant cockroach (D:2)
  A goblin (D:2)
  8 hobgoblins
  3 quokkas (D:1)
  A frilled lizard (D:2)
  2 kobolds
  7 rats
36 creatures vanquished.

Notes
Turn   | Place    | Note
-------+----------+-------------------------------------------
     0 | D:1      | Ijustatesigmund the Spriggan Warper began the quest for the
                  | Orb.
     0 | D:1      | Reached XP level 1. HP: 10/10 MP: 5/5
   265 | D:1      | Reached skill level 1 in Stealth
   321 | D:1      | Reached XP level 2. HP: 14/14 MP: 6/6
   824 | D:2      | Reached XP level 3. HP: 18/18 MP: 8/8
   827 | D:2      | Learned a level 2 spell: Blink
  1118 | D:3      | Slain by a gnoll

Illustrated notes

Levels and vault maps discovered:
D:1:      lightli_arrival_noodles, layout_basic
D:2:      wad_lake_hut, layout_basic, minivault_4
D:3:      layout_loops_ring, uniq_jessica, uniq_natasha

Skill      XL: |  1  2  3 |
---------------+----------+-----
Stealth        | 1 3 4 |  4.0
Short Blades   | 3 |  3.6
Fighting       | |  1.5
Throwing       | |  1.0
Dodging        | |  3.2
Spellcasting   | |  2.6
Translocations | |  4.4

Action                     || total
---------------------------++-------
  Melee: Short sword       ||    24
         Punch             ||     1
   Fire: Sling             ||    70
    Use: Scroll            ||     4
   Stab: Sleeping          ||     1
 Armour: Robe              ||    16
  Dodge: Dodged            ||    32

Table legend: (Time is in decaauts)
 A = Elapsed time spent in this place.
 B = Non-inter-level travel time spent in this place.
 C = Inter-level travel time spent in this place.
 D = Time resting spent in this place.
 E = Time spent auto-exploring this place.
 F = Levels seen in this place.
 G = Mean time per level.
                   A        B        C        D        E       F      G
               +--------+--------+--------+--------+--------+-----+--------+
         Total |    877 |    864 |     13 |    165 |    490 |   3 |  292.3 |
       Dungeon |    877 |    864 |     13 |    165 |    490 |   3 |  292.3 |
               +--------+--------+--------+--------+--------+-----+--------+

Top non-repeatable levels by time:
     D:1: 514 daAuts
     D:2: 361 daAuts
     D:3: 0 daAuts
